[Event "Team 45 45 League T24"]
[Site "Internet Chess Club"]
[Date "2004.09.07"]
[Round "1"]
[White "Girlprodigy"]
[Black "David-Carioca"]
[Result "1/2-1/2"]
[WhiteElo "1503"]
[BlackElo "1504"]
[TimeControl "2700+45"]

1. e4 e6 2. d4 d5 3. exd5 exd5 4. Bd3 Ne7 5. Bg5 Nbc6 6. c3 Qd6 7. Nf3 Be6 8.
Bh4 Nf5 9. Bxf5 Bxf5 10. Bg3 Qe6+ 11. Qe2 Qxe2+ 12. Kxe2 O-O-O 13. Re1 Be7 14.
Kf1 Rhe8 15. Nbd2 Bf6 16. Ne5 Re7 17. Nxc6 bxc6 18. Rxe7 Bxe7 19. Nf3 f6 20. Re1
Re8 21. Re3 Kd7 22. Ke2 Rb8 23. b4 Be4 24. a3 g5 25. h3 h5 26. Kf1 Rh8 27. Nd2
Bc2 28. Bxc7 g4 29. Bf4 gxh3 30. Rxh3 f5 31. Re3 Bd1 32. Nf3 Bd6 33. Ne5+ Bxe5
34. Bxe5 Rh7 35. g3 h4 36. gxh4 Rxh4 37. Kg2 Bc2 38. f4 Be4+ 39. Kg3 Rh1 40. a4
a6 41. a5 Rc1 42. Kh4 Ke7 43. Rg3 Rh1+ 44. Kg5 Kf7 45. Re3 Rg1+ 46. Kh4 Kg6
{Game drawn by mutual agreement} 1/2-1/2

[Event "Team 45 45 League T24"]
[Site "Internet Chess Club"]
[Date "2004.09.09"]
[Round "1"]
[White "f64"]
[Black "clarinetref"]
[Result "1-0"]
[WhiteElo "1480"]
[BlackElo "1535"]
[TimeControl "2700+45"]

1. d4 Nf6 2. c4 e6 3. Nc3 Bb4 4. e3 b6 5. Nf3 Bxc3+ 6. bxc3 Bb7 7. Bd3 Ne4 8.
Qc2 d5 9. cxd5 exd5 10. O-O O-O 11. c4 f5 12. cxd5 Bxd5 13. Bc4 Bxc4 14. Qxc4+
Kh8 15. Ne5 Nd6 16. Qe2 Nd7 17. Nxd7 Qxd7 18. Ba3 Rf6 19. Rfc1 Ne4 20. f3 Nd6
21. Rc2 Nb5 22. Bb2 f4 23. a4 Nd6 24. Rac1 Rc8 25. e4 Rf7 26. Qa6 c5 27. dxc5
bxc5 28. Rd1 Rc6 29. Qe2 Qc7 30. Rcd2 Qe7 31. e5 Nf5 32. Qb5 Rb6 33. Qd7 Re6 34.
Qxe6 h6 35. Qxe7 Rxe7 36. Rd7 Ne3 37. Rxe7 Nxd1 38. Ba3 c4 39. Rf7 Ne3 40. e6
Nd5 41. e7 Nxe7 42. Rxe7 Kh7 43. Rxa7 Kg6 44. Bb2 {Black resigns} 1-0

[Event "Team 45 45 League T24"]
[Site "Internet Chess Club"]
[Date "2004.09.12"]
[Round "1"]
[White "kingfischer57"]
[Black "bigarrow"]
[Result "0-1"]
[WhiteElo "1786"]
[BlackElo "1731"]
[TimeControl "2700+45"]

1. d4 Nf6 2. c4 c5 3. d5 b5 4. a4 b4 5. Nf3 g6 6. b3 Bg7 7. Bb2 O-O 8. g3 d6 9.
Bg2 Bb7 10. O-O e6 11. dxe6 fxe6 12. Nbd2 d5 13. e3 Nbd7 14. Qc2 Qe7 15. Rad1
Rad8 16. Nh4 e5 17. cxd5 Nxd5 18. Ne4 Nc7 19. Rd2 Ne6 20. Rfd1 a5 21. Qc4 Kh8
22. Nd6 Bxg2 23. Kxg2 Bf6 24. Nf3 Kg8 25. Ne4 Nb6 26. Qb5 Rxd2 27. Rxd2 Qb7 28.
Nxc5 Nxc5 29. Qxc5 Be7 30. Qxe5 Qxf3+ 31. Kg1 Qf6 32. Qxa5 Qc6 33. Qe5 Bf6 34.
Qd6 Qxd6 35. Rxd6 Bxb2 36. Rxb6 Bc3 37. a5 Be1 38. a6 Bxf2+ 39. Kg2 Bxe3 40.
Rxb4 Rf2+ 41. Kh3 Ra2 42. Re4 Bg1 43. Re6 Rxh2+ 44. Kg4 Rb2 45. Re7 Ra2 46. Re6
Kf7 47. Rc6 Ke8 48. Kg5 Kd7 49. Rf6 Be3+ 50. Kg4 h5+ 51. Kf3 Rf2+ 52. Kxe3 Rxf6
53. a7 Ra6 54. Kf4 Rxa7 55. Kg5 Ra3 56. Kxg6 Rxb3 57. Kxh5 Rxg3 58. Kh4 Rg8
{White resigns} 0-1

[Event "Team 45 45 League T24"]
[Site "Internet Chess Club"]
[Date "2004.09.12"]
[Round "1"]
[White "Steinwitz"]
[Black "alaskauk"]
[Result "1-0"]
[WhiteElo "1724"]
[BlackElo "1575"]
[TimeControl "2700+45"]

1. e4 e5 2. Nf3 Nc6 3. Bb5 a6 4. Ba4 Nf6 5. O-O b5 6. Bb3 Bc5 7. d3 O-O 8. c3 d6
9. h3 Be6 10. Nbd2 Qe7 11. Re1 Rae8 12. Bxe6 fxe6 13. Nf1 Rf7 14. d4 exd4 15.
cxd4 Bb4 16. Bd2 Bxd2 17. Qxd2 h6 18. Rac1 Qd7 19. Qc3 Nb8 20. Ng3 Rc8 21. b4 g6
22. Nd2 Rcf8 23. Nb3 Ne8 24. Re2 Qd8 25. Na5 h5 26. Nc6 Qc8 27. Nxb8 Qxb8 28.
Qc6 Qa7 29. Qc3 h4 30. Nh1 Qb7 31. Qc6 Qa7 32. Qc3 Ng7 33. Qe3 Rf4 34. Rec2 R8f7
35. a3 g5 36. Rc3 Kh7 37. d5 Qxe3 38. Rxe3 e5 39. f3 Rd7 40. Rc6 Rf8 41. Rxa6
Rb8 42. Nf2 Kg6 43. Rc3 Rb7 44. Ng4 Ne8 45. Nxe5+ {Black resigns} 1-0

[Event "Team 45 45 League T24"]
[Site "Internet Chess Club"]
[Date "2004.09.13"]
[Round "1"]
[White "nanning"]
[Black "john-beebs"]
[Result "1-0"]
[WhiteElo "1458"]
[BlackElo "1489"]
[TimeControl "2700+45"]

1. e4 e5 2. Bc4 Nc6 3. d3 Nf6 4. Nc3 Bb4 5. f4 d5 6. exd5 Nxd5 7. Ne2 Bg4 8. O-O
Nd4 9. Rf2 Bxc3 10. bxc3 Nxe2+ 11. Rxe2 Nxc3 12. Rxe5+ Be6 13. Qe1 b5 14. Bxe6
O-O 15. Bxf7+ Rxf7 16. Qxc3 a6 17. Bb2 Qd6 18. Rae1 Qd7 19. Qb3 Kh8 20. f5 Rxf5
21. Re7 Rf1+ 22. Kxf1 Qf5+ 23. Kg1 Qg6 24. Bxg7+ {Black resigns} 1-0

[Event "Team 45 45 League T24"]
[Site "Internet Chess Club"]
[Date "2004.09.11"]
[Round "1"]
[White "SpeedBlade"]
[Black "Mike1948"]
[Result "1-0"]
[WhiteElo "1405"]
[BlackElo "1443"]
[TimeControl "2700+45"]

1. c4 e5 2. g3 Nf6 3. Bg2 c6 4. d4 exd4 5. Qxd4 Be7 6. Nf3 c5 7. Qd1 d6 8. Nc3
O-O 9. O-O Be6 10. Nd2 d5 11. cxd5 Nxd5 12. Nxd5 Bxd5 13. Nf3 Bf6 14. Qc2 b6 15.
Rd1 Nc6 16. e4 Nb4 17. Qb1 Bxe4 18. Rxd8 Bxb1 19. Rxf8+ Rxf8 20. Rxb1 Nxa2 21.
Bd2 a5 22. Ra1 Nb4 23. Bxb4 cxb4 24. Rb1 Rc8 25. b3 g6 26. Nd2 b5 27. Ne4 Be5
28. Bf1 f5 29. Ng5 Rb8 30. Re1 Bc3 31. Re6 a4 32. bxa4 bxa4 33. Bc4 Kg7 34. Ra6
b3 35. Rxa4 b2 36. Bd3 Rd8 37. Ne6+ Kf7 38. Nxd8+ Ke7 39. Nc6+ Kd6 {Black
resigns} 1-0

[Event "Team 45 45 League T24"]
[Site "Internet Chess Club"]
[Date "2004.09.13"]
[Round "1"]
[White "Thersites"]
[Black "Hoyler"]
[Result "1-0"]
[WhiteElo "1696"]
[BlackElo "1655"]
[TimeControl "2700+45"]

1. e4 c5 2. Nf3 d6 3. d4 cxd4 4. Nxd4 Nf6 5. Nc3 a6 6. Bg5 e6 7. Bc4 h6 8. Bh4
Be7 9. Bxf6 Bxf6 10. O-O Qb6 11. Nb3 Qc7 12. Qd3 Nc6 13. Qe3 O-O 14. a3 b5 15.
Be2 b4 16. axb4 Nxb4 17. Qd2 Bb7 18. Na4 Qxc2 19. Qxb4 Qxe2 20. Qxb7 Rfb8 21.
Qc6 Qb5 22. Qxb5 Rxb5 23. Nd2 Bxb2 24. Nxb2 Rxb2 25. Nc4 Re2 26. Nxd6 a5 27.
Rfe1 Rc2 28. Rec1 Re2 29. Kf1 Rd2 30. Rd1 Rc2 31. Re1 a4 32. Re2 Rc3 33. Rea2
Rc6 34. Nb5 Rb6 35. Nc3 {Black resigns} 1-0

[Event "Team 45 45 League T24"]
[Site "Internet Chess Club"]
[Date "2004.09.11"]
[Round "1"]
[White "dougmo"]
[Black "AlPearson"]
[Result "1-0"]
[WhiteElo "1609"]
[BlackElo "1459"]
[TimeControl "2700+45"]

1. e4 e6 2. d4 d5 3. Nc3 c5 4. exd5 exd5 5. dxc5 Bxc5 6. Bb5+ Nc6 7. Qxd5 Qb6 8.
Qe4+ Be6 9. Bxc6+ bxc6 10. Nh3 Nf6 11. Qe2 O-O 12. O-O Rfe8 13. Qf3 Bxh3 14.
Qxh3 Re1 15. Rxe1 Bxf2+ 16. Kh1 Bxe1 17. Be3 Qxb2 18. Rxe1 Qxc3 19. Rc1 Re8 20.
Bg1 Qxh3 21. gxh3 Re2 22. Bxa7 Kf8 23. a4 Ke7 24. a5 g6 25. a6 Kd7 26. Bd4 Nd5
27. a7 Nc7 28. Rb1 Rxc2 29. Be5 Ra2 30. Rb7 Kc8 31. Rxc7+ Kd8 32. Rxf7 c5 33.
Rf8+ Kd7 34. a8=Q {Black resigns} 1-0

[Event "Team 45 45 League T24"]
[Site "Internet Chess Club"]
[Date "2004.09.12"]
[Round "1"]
[White "Kasparklunk"]
[Black "Two-DogMan"]
[Result "1-0"]
[WhiteElo "1453"]
[BlackElo "1504"]
[TimeControl "2700+45"]

1. e4 e5 2. Nf3 Nc6 3. Bb5 Nf6 4. Nc3 Bc5 5. h3 O-O 6. d3 Re8 7. Bxc6 bxc6 8.
O-O d5 9. exd5 cxd5 10. Bg5 c6 11. Re1 Bd6 12. a3 Bc7 13. Qd2 Qd6 14. b4 Bd7 15.
Rad1 Bf5 16. Re2 e4 17. dxe4 Nxe4 18. Nxe4 Rxe4 19. Rde1 Rae8 20. c4 Rxe2 21.
Rxe2 Rxe2 22. Qxe2 Be4 23. c5 Qe6 24. Nd4 Qe5 25. Nf3 Qa1+ 26. Ne1 Qxa3 27. f3
h6 28. Bd2 Bf5 29. Qe8+ Kh7 30. Qxf7 Bg6 31. Qxc7 Qa2 32. Qe5 Qxd2 33. f4 Qxb4
34. f5 Qxc5+ 35. Kh2 Bh5 36. f6 Bg6 37. fxg7 Qf2 38. Nf3 Qc5 39. Qf6 Kg8 40.
Qxg6 Qe7 41. Qxh6 Qxg7 42. Qxc6 d4 43. Qc4+ Kh7 44. Qxd4 Qc7+ 45. Qe5 a5 46.
Qxc7+ {Black resigns} 1-0

[Event "Team 45 45 League T24"]
[Site "Internet Chess Club"]
[Date "2004.09.12"]
[Round "1"]
[White "AMAV"]
[Black "ChessyStud"]
[Result "0-1"]
[WhiteElo "2097"]
[BlackElo "2138"]
[TimeControl "2700+45"]

1. e4 d6 2. d4 Nf6 3. Nc3 g6 4. Be3 Bg7 5. f3 O-O 6. Qd2 c6 7. Bh6 Nbd7 8. h4
Qc7 9. h5 b5 10. Bxg7 Kxg7 11. hxg6 fxg6 12. Qh6+ Kg8 13. Nh3 Nb6 14. Ng5 e5 15.
dxe5 dxe5 16. O-O-O Nc4 17. Bxc4+ bxc4 18. Rd6 Qxd6 19. Nxh7 Kf7 20. Nxf8 Qxf8
21. Qg5 Rb8 22. Qxe5 Qb4 23. Nd1 c3 24. b3 Rb5 25. Qc7+ Bd7 26. g4 Qd4 27. Kb1
Qd2 28. e5 Ne8 29. Rh7+ Ke6 30. Qxd7+ Qxd7 31. Rxd7 Kxd7 32. Nxc3 Rxe5 33. Ne4
Rxe4 {White resigns} 0-1

[Event "Team 45 45 League T24"]
[Site "Internet Chess Club"]
[Date "2004.09.18"]
[Round "1"]
[White "godkiller"]
[Black "bobhill"]
[Result "1-0"]
[WhiteElo "1974"]
[BlackElo "1997"]
[TimeControl "2700+45"]

1. e4 c5 2. Nc3 Nc6 3. g3 d6 4. Bg2 g6 5. f4 Bg7 6. Nf3 Bg4 7. h3 Bxf3 8. Qxf3
e6 9. O-O Nge7 10. d3 Nd4 11. Qd1 Qc7 12. g4 O-O-O 13. Be3 f5 14. g5 h6 15. Ne2
Nec6 16. c3 Nxe2+ 17. Qxe2 Kb8 18. Rab1 hxg5 19. fxg5 Ne7 20. b4 b6 21. bxc5
dxc5 22. exf5 Nxf5 23. Bf4 e5 24. Qe4 Kc8 25. Bh2 Rh4 26. Qa8+ Kd7 27. Qd5+ Ke7
28. Qf3 Rf8 29. Rbe1 Nd4 30. Qd5 Rxf1+ 31. Bxf1 Ne6 32. Bxe5 Bxe5 33. Rxe5 Qd7
34. Qf3 Qe8 35. Qf6+ Kd6 36. Bg2 Rh7 37. Bd5 Re7 38. Kg2 Kd7 39. Kf3 Qg8 40.
Bxe6+ Rxe6 41. Rxe6 Qxe6 42. Qxe6+ Kxe6 43. Ke4 b5 44. d4 b4 45. dxc5 bxc3 46.
Kd3 Kd5 47. Kxc3 Kxc5 48. h4 Kd5 49. Kd3 Ke5 50. Ke3 Kf5 51. Kf3 a5 52. a4 Ke6
53. Kg4 Kf7 54. h5 gxh5+ 55. Kxh5 Kg7 56. g6 Kg8 57. Kg5 Kg7 58. Kf5 Kg8 59. Ke5
Kg7 60. Kd5 Kxg6 61. Kc5 Kf6 62. Kb5 Ke6 63. Kxa5 Kd6 64. Kb6 Kd7 65. Kb7 {Black
resigns} 1-0

[Event "Team 45 45 League T24"]
[Site "Internet Chess Club"]
[Date "2004.09.09"]
[Round "1"]
[White "Xaturanga"]
[Black "MikkoN"]
[Result "0-1"]
[WhiteElo "1795"]
[BlackElo "1953"]
[TimeControl "2700+45"]

1. e4 g6 2. d4 Bg7 3. f4 d6 4. Nc3 a6 5. Nf3 b5 6. a3 Nd7 7. Be3 Bb7 8. Be2 c5
9. e5 cxd4 10. Bxd4 dxe5 11. fxe5 e6 12. O-O Ne7 13. Ng5 O-O 14. Bf3 Bxf3 15.
Qxf3 Nf5 16. Be3 Nxe5 17. Qh3 h6 18. Rad1 Qe7 19. Nge4 Nxe3 20. Qxe3 Ng4 21. Qe2
Qa7+ 22. Kh1 Ne3 23. Nf6+ Bxf6 24. Rxf6 Nxd1 25. Qxd1 Rad8 26. Qg4 Qd4 27. Rf4
Qe5 28. h4 Rd2 29. Ne4 Rd1+ 30. Kh2 Rfd8 31. Nf6+ Kg7 32. Kh3 Rh1+ 33. Kg3 Qe1+
34. Rf2 Rf1 35. Ne4 Rxf2 36. Nxf2 Rd2 {White resigns} 0-1

[Event "Team 45 45 League T24"]
[Site "Internet Chess Club"]
[Date "2004.09.10"]
[Round "1"]
[White "Mika91"]
[Black "camembert"]
[Result "1-0"]
[WhiteElo "1908"]
[BlackElo "1775"]
[TimeControl "2700+45"]

1. d4 Nf6 2. Bg5 c5 3. Nc3 cxd4 4. Qxd4 Nc6 5. Qh4 e6 6. O-O-O Be7 7. e4 Nd5 8.
Bxe7 Ndxe7 9. f4 a6 10. g4 b5 11. e5 Bb7 12. Bg2 Qa5 13. Kb1 Qb4 14. Ne4 O-O 15.
Nf6+ gxf6 16. exf6 Kh8 17. fxe7 Nxe7 18. Bxb7 Ng6 19. Qf6+ {Black resigns} 1-0

[Event "Team 45 45 League T24"]
[Site "Internet Chess Club"]
[Date "2004.09.10"]
[Round "1"]
[White "nightflier"]
[Black "achessman"]
[Result "1-0"]
[WhiteElo "1933"]
[BlackElo "1904"]
[TimeControl "2700+45"]

1. d4 Nf6 2. c4 g6 3. Nc3 d5 4. Nf3 Bg7 5. Bg5 c6 6. e3 Qa5 7. Qb3 Ne4 8. Bf4
O-O 9. Be2 Nd7 10. O-O Ndf6 11. h3 Nxc3 12. bxc3 Ne4 13. Rfc1 b6 14. cxd5 cxd5
15. c4 Ba6 16. Rc2 Rac8 17. Rac1 dxc4 18. Bxc4 Bxc4 19. Rxc4 Rxc4 20. Qxc4 h5
21. Be5 Bxe5 22. Nxe5 Qd2 23. Qc2 Qxc2 24. Rxc2 Ra8 25. Rc7 Kf8 26. Nc6 Nc3 27.
Rxe7 a6 28. Rb7 b5 29. Ne5 Nxa2 30. d5 Re8 31. Nc6 Rc8 32. Ra7 Nc3 33. Nb4 Rc4
34. Nxa6 Nxd5 35. Rb7 b4 36. Rb5 Rc1+ 37. Kh2 Ra1 38. Nxb4 Rb1 39. Rxd5 Rxb4 40.
Kg3 Ke7 41. Kf3 Ke6 42. Ra5 Kf6 43. Ra7 Rc4 44. Rd7 Rc2 45. h4 Ke6 46. Rb7 Rc6
47. Rb5 Rc4 48. g3 Kf6 49. e4 Rc3+ 50. Kf4 Rc6 51. f3 Rc3 52. e5+ Ke6 53. g4
Rc4+ 54. Kg5 hxg4 55. fxg4 Rc8 56. Ra5 Rh8 57. h5 gxh5 58. gxh5 Rg8+ 59. Kf4 Rh8
60. Ra6+ Ke7 61. h6 Rh7 62. Kf5 Kf8 63. Rb6 Ke8 64. Ra6 Kf8 65. Kg5 Ke7 66. e6
Ke8 67. Ra8+ Ke7 68. exf7 Kxf7 69. Rc8 Ke6 70. Kg6 Rd7 71. h7 {Black resigns}
1-0

[Event "Team 45 45 League T24"]
[Site "Internet Chess Club"]
[Date "2004.09.13"]
[Round "1"]
[White "HadshiHalefOmar"]
[Black "Nosferatu1"]
[Result "1/2-1/2"]
[WhiteElo "1894"]
[BlackElo "1843"]
[TimeControl "2700+45"]

1. d4 d5 2. Nf3 e6 3. e3 c5 4. dxc5 Bxc5 5. Bd3 Nf6 6. c3 Nbd7 7. Nbd2 a6 8. O-O
b5 9. e4 dxe4 10. Nxe4 Be7 11. Bg5 Bb7 12. Qc2 Nxe4 13. Bxe7 Qxe7 14. Bxe4 Bxe4
15. Qxe4 O-O 16. Rad1 Nf6 17. Qc6 Rfc8 18. Qd6 Qc7 19. Rd4 Nd5 20. Qe5 Qxe5 21.
Nxe5 f6 22. Nf3 Rc6 23. Re1 Kf7 24. Rd2 Rd6 25. h3 Rad8 26. Red1 Ke7 27. Rd4 Nb6
28. Rxd6 Rxd6 29. Rxd6 Kxd6 {Game drawn by mutual agreement} 1/2-1/2

[Event "Team 45 45 League T24"]
[Site "Internet Chess Club"]
[Date "2004.09.13"]
[Round "1"]
[White "Irvin"]
[Black "tourettes"]
[Result "1-0"]
[WhiteElo "1910"]
[BlackElo "1815"]
[TimeControl "2700+45"]

1. e4 c5 2. Nf3 d6 3. d4 cxd4 4. Nxd4 Nf6 5. Nc3 a6 6. Be3 e6 7. Be2 Be7 8. g4
Nc6 9. Qd2 Qc7 10. g5 Nd7 11. f4 Nxd4 12. Bxd4 e5 13. Be3 exf4 14. Bxf4 Nb6 15.
O-O-O Be6 16. Qd4 O-O 17. Be3 Nd7 18. Nd5 Bxd5 19. exd5 Rfe8 20. Bd3 Ne5 21. Be4
Qc4 22. b3 Qxd4 23. Rxd4 g6 24. Kd2 Ng4 25. Bf4 Nf2 26. Rg1 Nh3 27. Rg3 Nxf4 28.
Bf3 Nh5 29. Bxh5 gxh5 30. Rh4 Bd8 31. Rxh5 Re5 32. c4 b5 33. Kd3 bxc4+ 34. bxc4
Rb8 35. Rgh3 Rxg5 36. Rxg5+ Bxg5 37. Rg3 h6 38. h4 f6 39. Ke4 Re8+ 40. Kf5 Kh7
41. hxg5 fxg5 42. Ra3 Re5+ 43. Kf6 h5 44. Rxa6 h4 45. Rxd6 Re4 46. Kxg5 Rxc4 47.
Rh6+ Kg7 48. Rxh4 Rc5 49. Rd4 Kf7 50. Kf5 Ke7 51. Ke5 Ra5 52. a4 Kd7 53. Rb4 Kc7
54. Ke6 Ra6+ 55. Ke7 Rh6 56. Rc4+ Kb6 57. d6 Rh7+ 58. Kf8 Rd7 59. a5+ Kxa5 60.
Rd4 Kb6 61. Ke8 Kc6 62. Rc4+ Kxd6 63. Rd4+ Ke6 64. Rxd7 Ke5 65. Ke7 Ke4 66. Kf6
Ke3 67. Kf5 Kf3 68. Rd3+ Ke2 69. Rh3 Kf2 70. Kf4 Kg2 71. Ra3 Kh2 72. Kg4 Kg2 73.
Ra2+ Kf1 74. Kf3 Ke1 75. Rh2 Kd1 76. Ke3 Kc1 77. Kd3 Kb1 78. Kc3 {Black resigns}
1-0

[Event "Team 45 45 League T24"]
[Site "Internet Chess Club"]
[Date "2004.09.11"]
[Round "1"]
[White "Beats20Cents"]
[Black "fledermaus"]
[Result "1/2-1/2"]
[WhiteElo "1840"]
[BlackElo "2009"]
[TimeControl "2700+45"]

1. e4 c6 2. d4 d5 3. e5 Bf5 4. Nf3 e6 5. Be2 Nd7 6. O-O Ne7 7. Nh4 Bg6 8. Nd2 c5
9. c3 Rc8 10. Nxg6 hxg6 11. Nf3 cxd4 12. cxd4 Nc6 13. Be3 Be7 14. a3 O-O 15. Qd2
Na5 16. Rac1 Rxc1 17. Qxc1 Nb6 18. Nd2 Qd7 19. b4 Rc8 20. Qb1 Nac4 21. Nxc4 Nxc4
22. Qb3 b5 23. Bf4 Rc7 24. Ra1 Nb6 25. Qg3 a6 26. h4 Na4 27. h5 Rc3 28. Qg4 gxh5
29. Qxh5 g6 30. Qg4 Kg7 31. Bd2 Rc8 32. Bg5 Qd8 33. Be3 Nb6 34. Bd3 Qd7 {Game
drawn by mutual agreement} 1/2-1/2

[Event "Team 45 45 League T24"]
[Site "Internet Chess Club"]
[Date "2004.09.12"]
[Round "1"]
[White "TheDwarf"]
[Black "Rookmaster"]
[Result "0-1"]
[WhiteElo "1856"]
[BlackElo "1836"]
[TimeControl "2700+45"]

1. d4 d5 2. e3 c5 3. Nf3 Nf6 4. c3 e6 5. Ne5 Be7 6. Bd3 c4 7. Bc2 O-O 8. Nd2 Qc7
9. f4 Nbd7 10. O-O b5 11. a3 Bb7 12. g4 Ne4 13. Qf3 f5 14. Nxd7 Qxd7 15. g5 a5
16. Qh5 g6 17. Qh4 Rfb8 18. Nf3 Bd6 19. Bxe4 dxe4 20. Ne5 Bxe5 21. fxe5 Qg7 22.
Bd2 Kf7 23. Qf4 Rh8 24. a4 Ke8 25. axb5 Qd7 26. Ra2 Qxb5 27. Rfa1 Bd5 28. h4 Kf7
29. Qf2 Ra7 30. Qe2 Rb8 31. h5 Kg7 32. Qh2 Rh8 33. Qe2 Rb8 34. Kf2 Raa8 35. Rh1
Qb3 36. Rha1 Qb6 37. Kg3 Qd8 38. Kf4 Qb6 39. Qd1 Qd8 40. hxg6 hxg6 41. Qh1 Qh8
42. Qxh8+ Kxh8 43. Rxa5 Rxa5 44. Rxa5 Rxb2 45. Rxd5 exd5 46. e6 Kg7 47. Be1 Kf8
48. Ke5 Ke7 49. Kxd5 Re2 50. Bg3 Rxe3 51. Be5 Rxc3 52. Bf6+ Ke8 53. Kc6 Rd3 54.
d5 c3 55. d6 Rxd6+ 56. Kxd6 c2 57. Bb2 e3 58. Bc1 e2 59. Bd2 c1=Q 60. Bxc1 e1=Q
61. Bf4 Qb4+ 62. Ke5 Ke7 {White resigns} 0-1

[Event "Team 45 45 League T24"]
[Site "Internet Chess Club"]
[Date "2004.09.10"]
[Round "1"]
[White "Kingofknights"]
[Black "Winclick"]
[Result "0-1"]
[WhiteElo "1654"]
[BlackElo "1706"]
[TimeControl "2700+45"]

1. d4 Nf6 2. c4 e6 3. Nc3 Bb4 4. Qc2 Nc6 5. e3 d6 6. Bd3 Qe7 7. Bd2 O-O 8. Nge2
e5 9. d5 Nb8 10. e4 Na6 11. a3 Bxc3 12. Qxc3 Nc5 13. b4 Ncxe4 14. Bxe4 Nxe4 15.
Qd3 f5 16. Bc1 Qh4 17. O-O Rf6 18. Ng3 Nxg3 19. fxg3 Qh5 20. Qf3 Qg6 21. Bb2 Bd7
22. c5 Re8 23. cxd6 Rxd6 24. Rac1 c6 25. dxc6 bxc6 26. Qe3 e4 27. Qxa7 Qe6 28.
Rfd1 e3 29. Rxd6 Qxd6 30. Qd4 Qxd4 31. Bxd4 Re4 32. Bc5 Kf7 33. Re1 Ke6 34. a4
g5 35. a5 f4 36. a6 Bc8 37. a7 Bb7 38. gxf4 gxf4 39. Kf1 Kf5 40. Ra1 Ba8 41. Ke1
h5 42. Rd1 Re8 43. Ke2 Bb7 44. Rd7 Ba6+ 45. Ke1 h4 46. Rh7 Kg4 47. Rg7+ Kf5 48.
h3 Rd8 49. Rg4 e2 50. Kf2 Rd1 51. Kf3 Rf1+ 52. Bf2 e1=N# {White checkmated} 0-1

[Event "Team 45 45 League T24"]
[Site "Internet Chess Club"]
[Date "2004.09.11"]
[Round "1"]
[White "Whacker"]
[Black "DaveTheRook"]
[Result "1-0"]
[WhiteElo "1624"]
[BlackElo "1630"]
[TimeControl "2700+45"]

1. d4 Nf6 2. c4 g6 3. Nc3 d6 4. e4 Bg7 5. Nf3 Nbd7 6. Be2 O-O 7. O-O c6 8. Be3
Qc7 9. Nd2 e5 10. d5 Ne8 11. b4 c5 12. bxc5 Nxc5 13. Nb5 Qd8 14. Nb3 b6 15. Qd2
f5 16. Nxc5 bxc5 17. f3 a6 18. Nc3 f4 19. Bf2 Rb8 20. Rab1 Bd7 21. Rxb8 Qxb8 22.
Rb1 Qc7 23. Qb2 Qa5 24. Be1 Qd8 25. Qb8 Nc7 26. Qa7 Qa8 27. Qxc7 {Black resigns}
1-0

[Event "Team 45 45 League T24"]
[Site "Internet Chess Club"]
[Date "2004.09.10"]
[Round "1"]
[White "mitdale"]
[Black "JSC"]
[Result "1/2-1/2"]
[WhiteElo "1771"]
[BlackElo "1884"]
[TimeControl "2700+45"]

1. e4 c6 2. d3 d5 3. Nd2 e5 4. Ngf3 Bd6 5. g3 Bg4 6. Bg2 Nf6 7. O-O O-O 8. h3
Bh5 9. c3 Nbd7 10. Qe2 Re8 11. g4 Bg6 12. Nh4 Nxe4 13. Nxg6 Nxd2 14. Bxd2 hxg6
15. b4 Qc7 16. a4 Nf6 17. g5 Nh5 18. Qf3 e4 19. dxe4 Rxe4 20. Rfe1 Rae8 21. Rxe4
Rxe4 22. Qd1 Re8 23. Bf3 Nf4 24. Bg4 Qe7 25. h4 f6 26. gxf6 Qxf6 27. Qf3 Re4 28.
Re1 Rxe1+ 29. Bxe1 Qxh4 30. Kf1 Qf6 31. Bd2 g5 32. Qe3 a6 33. Qe8+ Kh7 34. Bxf4
Bxf4 35. Qh5+ Qh6 36. Bf5+ g6 37. Qxh6+ Kxh6 38. Bc8 b5 39. axb5 axb5 40. Ke2
Bd6 41. Bd7 c5 42. bxc5 Bxc5 43. Bxb5 g4 44. Kf1 Kg5 45. Kg2 Kf4 46. Bd3 g5 47.
Be2 Ba3 48. Bb5 Bb2 49. Bc6 Ke5 50. Kg3 Bxc3 51. Kxg4 Bd2 52. Kf3 Kd4 53. Ke2
Bf4 54. Bd7 Kc3 55. Bf5 d4 56. Bd3 Kb4 {Game drawn by mutual agreement} 1/2-1/2

[Event "Team 45 45 League T24"]
[Site "Internet Chess Club"]
[Date "2004.09.13"]
[Round "1"]
[White "fernbap"]
[Black "Chess2Play"]
[Result "1-0"]
[WhiteElo "1780"]
[BlackElo "1688"]
[TimeControl "2700+45"]

1. Nf3 d5 2. c4 Nf6 3. g3 c5 4. cxd5 Nxd5 5. Bg2 Nc6 6. Nc3 Nxc3 7. bxc3 g6 8.
Bb2 Bg7 9. O-O O-O 10. d4 cxd4 11. cxd4 Qb6 12. Qd2 Rd8 13. e3 Ne5 14. Bc3 Rb8
15. Nxe5 Bxe5 16. Ba5 Qd6 17. Bxd8 Qxd8 18. Rfd1 Bg7 19. Rac1 e6 20. Qc3 b5 21.
Qc7 Qxc7 22. Rxc7 a5 23. Rdc1 Ba6 24. Ra7 Rb6 25. Rcc7 b4 26. Rxf7 Bh6 27. Rxh7
Bg5 28. Rhd7 {Black resigns} 1-0

[Event "Team 45 45 League T24"]
[Site "Internet Chess Club"]
[Date "2004.09.11"]
[Round "1"]
[White "Xidnan"]
[Black "PauloBarbosa"]
[Result "0-1"]
[WhiteElo "1588"]
[BlackElo "1610"]
[TimeControl "2700+45"]

1. d4 Nf6 2. c4 b6 3. Nc3 e6 4. e4 d6 5. Bg5 Be7 6. Bd3 Bb7 7. Nf3 O-O 8. O-O
Nbd7 9. Re1 c5 10. d5 e5 11. Nb5 a6 12. Bxf6 Nxf6 13. Nc3 Bc8 14. a3 Bg4 15. b4
Nh5 16. h3 Bxf3 17. Qxf3 Nf4 18. Bf1 Qd7 19. b5 a5 20. a4 f5 21. Ne2 fxe4 22.
Qxe4 Rf6 23. Ra3 Raf8 24. Rf3 g5 25. g4 Ng6 26. Rxf6 Rxf6 27. Ng3 Nh4 28. Re3
Rf4 29. Qd3 Qc8 30. Bg2 Qf8 31. f3 Rd4 32. Qe2 Qf4 33. Nh5 Rd1+ 34. Kf2 Qd4 35.
Bf1 Rd2 36. Ng3 Rxe2+ 37. Bxe2 Qa1 38. Nf5 Nxf5 39. gxf5 Bf6 40. Re4 Qh1 41. Bf1
Qh2+ 42. Ke1 h6 43. Rg4 Qc2 44. h4 Qxf5 45. hxg5 Bxg5 46. Ke2 Qc2+ 47. Ke1 Qxa4
48. Bd3 Qa1+ 49. Kf2 a4 50. Rg1 Qb2+ 51. Kg3 a3 52. Rg2 Qb3 53. Be4 a2 54. Rg1
Qc3 55. Rg2 a1=Q 56. Kg4 Qxc4 57. Kf5 Qxb5 58. Ke6 Qa8 59. Kxd6 Qb8+ 60. Ke6
Qc8+ 61. Kxe5 Qbe8+ 62. Kd6 Qed7+ 63. Ke5 Qce8# {White checkmated} 0-1

[Event "Team 45 45 League T24"]
[Site "Internet Chess Club"]
[Date "2004.09.13"]
[Round "1"]
[White "Zillmer"]
[Black "softbunney"]
[Result "0-1"]
[WhiteElo "2155"]
[BlackElo "2157"]
[TimeControl "2700+45"]

1. e4 c5 2. Nc3 Nc6 3. f4 e6 4. Nf3 d5 5. Bb5 Nf6 6. Qe2 Be7 7. d3 O-O 8. Bxc6
bxc6 9. O-O c4 10. dxc4 Ba6 11. b3 dxc4 12. bxc4 Qb6+ 13. Kh1 Qb4 14. Bd2 Bxc4
15. Qf2 Bxf1 16. Rxf1 Nxe4 17. Nxe4 Qxe4 18. Bc3 Qxf4 19. Qe2 Bd6 20. Ne5 Qh4
21. g3 Qa4 22. Nc4 Qb5 23. Qg4 Qd5+ 24. Rf3 e5 25. Ne3 f5 26. Qh5 Qe4 27. Nxf5
g6 28. Nxd6 Qxf3+ 29. Qxf3 Rxf3 30. Bxe5 Rf2 {White resigns} 0-1

[Event "Team 45 45 League T24"]
[Site "Internet Chess Club"]
[Date "2004.09.12"]
[Round "1"]
[White "Falhari"]
[Black "MissedMate"]
[Result "1-0"]
[WhiteElo "2010"]
[BlackElo "1959"]
[TimeControl "2700+45"]

1. Nf3 Nf6 2. c4 c6 3. Nc3 d5 4. b3 Bf5 5. d3 e6 6. g3 Bd6 7. Bg2 Qc7 8. O-O
Nbd7 9. cxd5 exd5 10. e4 dxe4 11. Re1 O-O-O 12. Nh4 Bg4 13. Qc2 exd3 14. Qxd3
Nc5 15. Qc4 Be6 16. Qf1 Be5 17. Bb2 Nd3 18. Nb5 cxb5 19. Rac1 Nxc1 20. Rxc1 Bc4
21. Bxe5 Qxe5 22. bxc4 b4 23. Rb1 Qd6 24. a3 Qd3 25. Qe1 Rd7 26. Qxb4 Ne4 27.
Bh3 Rd8 28. Qxb7# {Black checkmated} 1-0

[Event "Team 45 45 League T24"]
[Site "Internet Chess Club"]
[Date "2004.09.12"]
[Round "1"]
[White "Sergio56"]
[Black "Zornorph"]
[Result "0-1"]
[WhiteElo "1893"]
[BlackElo "1918"]
[TimeControl "2700+45"]

1. f4 d5 2. Nf3 c5 3. e3 g6 4. Nc3 Bg7 5. Bb5+ Bd7 6. O-O Bxb5 7. Nxb5 Nc6 8.
Nc3 e6 9. d4 b6 10. Ne5 Nge7 11. Ne2 O-O 12. Bd2 Qc7 13. c3 Nf5 14. g4 Nd6 15.
Rf3 f6 16. Nxc6 Qxc6 17. Qe1 Rae8 18. Ng3 Qb5 19. b3 e5 20. Qf1 Qd7 21. f5 Ne4
22. Qg2 Ng5 23. Rf2 exd4 24. exd4 Ne4 25. Nxe4 Rxe4 26. Re1 Rfe8 27. Rfe2 Rxe2
28. Rxe2 Rxe2 29. Qxe2 gxf5 30. gxf5 Qxf5 31. Qe8+ Bf8 32. Qe3 Qb1+ 33. Bc1 Kf7
34. Qd2 Qe4 35. Kf2 Qh4+ 36. Kg1 Qg4+ 37. Kf2 Qh3 38. Qf4 Qxc3 39. Qc7+ Be7 40.
Bf4 Qxd4+ {White resigns} 0-1